 Dungeon Crawl Stone Soup version 0.30.0-5-g1a98f26d00 (webtiles) character file.

Game seed: 3351434137288765707

158 dialectric the Ducker (level 5, -3/27 HPs)
             Began as a Spriggan Fighter on May 9, 2023.
             Slain by a white imp (4 damage)
             ... on level 5 of the Dungeon.
             The game lasted 00:04:01 (2824 turns).

dialectric the Ducker (Spriggan Fighter)            Turns: 2824, Time: 00:04:01

Health: -3/27      AC:  2    Str: 14    XL:     5   Next: 16%
Magic:  6/6        EV: 19    Int: 10    God:
Gold:   243        SH:  4    Dex: 14    Spells: 4/4 levels left

rFire   . . .        a - +0 rapier
rCold   . . .        (no shield)
rNeg    . . .        b - +0 robe
rPois   .            (helmet restricted)
rElec   .            (no cloak)
rCorr   .            (gloves unavailable)
SInv    +            (boots unavailable)
Will    .....        (no amulet)
Stlth   +++          (no ring)
HPRegen 0.24/turn    (no ring)
MPRegen 0.10/turn

%: no passive effects
@: attractive, very quick
A: very small, no large weapons, unfitting armour, see invisible, speed 3, large
bone plates 1, devolution 1
a: no special abilities


You were on level 5 of the Dungeon.
You visited 1 branch of the dungeon, and saw 5 of its levels.

You collected 243 gold pieces.

Inventory:

Hand Weapons
 a - a +0 rapier (weapon)
Missiles
 v - a throwing net (quivered)
Armour
 b - a +0 robe (worn)
 c - a +0 buckler
Jewellery
 t - a ring of magical power
Wands
 d - a wand of charming (4)
Scrolls
 g - 2 scrolls of amnesia {unknown}
 h - 2 scrolls of noise
 i - a scroll of identify
 j - a scroll of vulnerability {unknown}
 m - a scroll of enchant weapon {unknown}
 o - a scroll of brand weapon {unknown}
 q - 2 scrolls of fog {unknown}
 w - a scroll of fear {unknown}
Potions
 k - a potion of mutation
 l - a potion of attraction
 p - a potion of heal wounds {unknown}
 r - a potion of degeneration {unknown}
 s - a potion of brilliance {unknown}
 u - a potion of lignification {unknown}


   Skills:
 + Level 2.7 Fighting
 + Level 3.6 Short Blades
 + Level 5.1 Dodging
 * Level 4.9 Stealth
 - Level 2.1 Shields


You had 4 spell levels left.
You didn't know any spells.
Your spell library was empty.

Dungeon Overview and Level Annotations

Branches:
Dungeon (5/15)
 Temple: D:4-7

Altars:
Xom

Shops:
D:1 (   D:2 [

Annotations:
D:3 2 transporters, ratkingdom's ghost, amateur MeRe


Innate Abilities, Weirdness & Mutations

You are very small and have problems with some larger weapons.
You are too small for most types of armour.
You have supernaturally acute eyesight. (SInv)
You cover ground extremely quickly. (Speed+++)
You are partially covered in large bone plates. (SH +4)
You have hidden genetic defects.


Message History

Okay, then.
Okay, then.
The white imp is attracted toward you. The white imp gestures at you.
The puff of frost hits you. The white imp is attracted toward you.
The black bear is attracted toward you.
Aiming: Charm
Press: ? - help, Shift-Dir - straight line, f - black bear
Aim: a black bear (lightly wounded, chance to affect: 49%)
The scorpion is charmed.
The white imp hits you.
* * * LOW HITPOINT WARNING * * *
The white imp freezes you.
* * * LOW HITPOINT WARNING * * *
The black bear bites your scorpion.
The black bear barely misses your scorpion.
The black bear claws your scorpion. The orc barely misses your scorpion.
Unknown command.
Unknown command.
You closely miss the white imp. The white imp hits you.
* * * LOW HITPOINT WARNING * * *
The white imp freezes you.
* * * LOW HITPOINT WARNING * * *
Your scorpion stings the black bear.
The black bear is poisoned.
Your scorpion poisons the black bear!
The orc wizard is attracted toward you.
Unknown command.
Unknown command.
You feel better. The black bear closely misses you. The black bear misses you.
The black bear claws you.
* * * LOW HITPOINT WARNING * * *
The white imp gestures at you. The puff of frost misses you.
Your scorpion stings the black bear.
The black bear looks as sick as possible!
Your scorpion poisons the black bear!
Unknown command.
You barely miss the white imp. The black bear bites your scorpion.
The black bear barely misses your scorpion.
The black bear claws your scorpion. The white imp hits you.
* * * LOW HITPOINT WARNING * * *
The white imp freezes you.
You die...

# #. ####.###########
......5F.oooo...
######h#####.... #.#
######### #.# #.#@5...#
#5# ..#s###.# #.#
####.#.ho..# #f#
§.§.#.#o##### #.# #
#.h#.......#
######.#o.###W§###.###.#
.......~~§§o§§oo.#§#
######≈~§§.§~..#§§.#
#~.....~..##### # #


You could see a black bear (extremely poisoned, ally target), a white imp, an
orc and a friendly scorpion (charmed).

Vanquished Creatures
  A howler monkey (D:5)
  2 hounds (D:5)
  An adder (D:2)
  An ufetubus (D:4)
  2 orcs
  A bat (D:2)
  An endoplasm (D:1)
  2 giant cockroaches
  7 hobgoblins
  2 jackals (D:3)
  2 quokkas
  5 ball pythons
  2 frilled lizards (D:2)
  6 goblins
  3 kobolds
  8 rats
46 creatures vanquished.

Vanquished Creatures (others)
  An ufetubus (D:5)
1 creature vanquished.

Grand Total: 47 creatures vanquished

Notes
Turn   | Place    | Note
-------+----------+-------------------------------------------
     0 | D:1      | dialectric the Spriggan Fighter began the quest for the
                  | Orb.
     0 | D:1      | Reached XP level 1. HP: 11/11 MP: 2/2
   220 | D:1      | Reached skill level 1 in Stealth
   264 | D:1      | Reached XP level 2. HP: 16/16 MP: 3/3
   440 | D:1      | Found Jeruelom's Weapon Emporium.
  1182 | D:2      | Reached XP level 3. HP: 16/19 MP: 4/4
  1214 | D:2      | Found Finaj's Armour Boutique.
  1848 | D:3      | Found a transporter.
  1848 | D:3      | Noticed a wight
  1952 | D:3      | Found a transporter.
  1955 | D:3      | Noticed ratkingdom's ghost (amateur MeRe)
  2505 | D:4      | Noticed a kobold brigand
  2539 | D:5      | Entered Level 5 of the Dungeon
  2552 | D:5      | Reached XP level 4. HP: 20/23 MP: 5/5
  2559 | D:5      | Reached skill level 5 in Dodging
  2559 | D:5      | Reached XP level 5. HP: 22/27 MP: 6/6
  2787 | D:5      | Found a shimmering altar of Xom.
  2789 | D:5      | Noticed an ogre
  2797 | D:5      | Noticed an orc warrior
  2802 | D:5      | Gained mutation: You are partially covered in large bone
                  | plates. (SH +4) [potion of mutation]
  2802 | D:5      | Gained mutation: You have hidden genetic defects. [potion
                  | of mutation]
  2804 | D:5      | Noticed a phantom
  2804 | D:5      | Noticed a black bear
  2821 | D:5      | HP: 1/27 [white imp (3)]
  2824 | D:5      | Slain by a white imp

Illustrated notes

Levels and vault maps discovered:
D:1:      dpeg_arrival_arbitrary_b, layout_loops_cross, serial_shops,
          nicolae_lakefront_shop, wad_floor_pattern_1, solitary_fountain
D:2:      layout_loops_ring, serial_shops, nicolae_shop_tiny_glass
D:3:      layout_loops_corners, gammafunk_ghost_mausoleum
D:4:      layout_cave_pods, serial_shops, shop
D:5:      layout_basic, xom_confusion_cloud, kennysheep_generic_room_10

Skill      XL: |  1  2  3  4 |
---------------+-------------+-----
Stealth        | 1 2 4 |  4.9
Short Blades   | 3 |  3.6
Dodging        | 5 |  5.1
Fighting       | |  2.7
Shields        | |  2.1

Action                     |  1- 3 |  4- 6 || total
---------------------------+-------+-------++-------
  Melee: Rapier            |   131 |    15 ||   146
         Punch             |     2 |       ||     2
  Evoke: Wand              |       |     2 ||     2
    Use: Scroll            |     4 |     1 ||     5
         Potion            |     1 |     4 ||     5
   Stab: Sleeping          |    11 |       ||    11
 Armour: Robe              |    12 |     1 ||    13
  Dodge: Dodged            |   105 |    28 ||   133
  Block: Other             |       |     2 ||     2
